[Event "26th Womens ECCC 2022"]
[Site "Mayrhofen"]
[Date "2022.10.09"]
[Round "7.11"]
[White "Hunt, Harriet V"]
[Black "Atalik, Ekaterina"]
[Result "0-1"]
[ECO "C92"]
[WhiteElo "2359"]
[BlackElo "2406"]
[Annotator "TA"]
[PlyCount "126"]
[EventDate "2022.10.03"]
[EventType "team-tourn"]
[EventCountry "AUT"]
[SourceTitle "playchess.com"]
[Source "ChessBase"]
[SourceQuality "1"]
[TimeControl "40/5400+30:1800+30"]

1. e4 e5 2. Nf3 Nc6 3. Bb5 a6 4. Ba4 Nf6 5. O-O Be7 6. Re1 b5 7. Bb3 O-O 8. c3 d6 9. h3 Re8 10. d4 Bf8 11. Nbd2 Na5 12. Bc2 c5 13. a4 {[%emt 0:06:31] [#] C96: Closed Ruy Lopez: Chigorin Defence: 11 d4, replies other than 11...Qc7.} b4 $146 ({Predecessor:} 13... Bb7 14. d5 c4 15. Nf1 Qc7 16. g4 Bc8 17. Ng3 Bd7 18. g5 Nxd5 19. exd5 Bxh3 20. axb5 axb5 {1-0 (39) Faizrakhmanov,R (2480)-Osmak,I (2432) Chess.com INT 2022}) 14. cxb4 cxb4 15. d5 {[%emt 0:15:57] White has an edge.} g6 16. Nf1 Nb7 17. Be3 Nd7 18. N3d2 (18. a5 $5) 18... a5 19. Nb3 Nb6 20. Nbd2 Bd7 21. Bd3 Bg7 22. Ng3 {[%emt 0:03:35] Inhibits f5.} Rf8 23. b3 Kh8 24. Rc1 f5 (24... Bf6 $16 {was called for.}) 25. exf5 $18 gxf5 26. Qf3 Nc5 (26... Nc8 $142 27. Nh5 (27. Nxf5 Bxf5 28. Bxf5 Ne7 $16) (27. Bxf5 Ne7 $14) 27... e4) 27. Bxc5 $2 (27. Bxf5 $18 {Qh5 is the strong threat.} Bxf5 28. Nxf5) 27... dxc5 $11 28. Red1 Qg5 29. Qh5 $1 ({Much weaker is} 29. Rxc5 e4 30. Ndxe4 fxe4 31. Qxe4 Qh6 $15) 29... Qf6 30. Rxc5 {[%emt 0:00:55][%cal Od3f5] Strongly threatening Bxf5!} Qd6 $36 {[%emt 0:08:38][%mdl 2048] Black has some pressure.} 31. Rdc1 e4 32. Bb5 (32. Ndxe4 $1 $11 fxe4 33. Bxe4) 32... Bd4 $19 33. Ndxe4 fxe4 {[%emt 0:00:36] Dancing on a razor blade.} 34. Nxe4 Qg6 (34... Qf4 $19 {has better winning chances.} 35. Ng5 Bf5) 35. Qxg6 $17 hxg6 36. Bxd7 Nxd7 37. R5c4 Be5 (37... Ba7 $5 ) 38. Rd1 (38. g3 $11) 38... Rac8 $15 39. Rc6 ({White should try} 39. Rxc8 $15 Rxc8 40. Kf1) 39... Rxc6 $1 $17 40. dxc6 {[%emt 0:00:07] [#]} Nb8 41. Rc1 Rc8 42. Rc5 Nxc6 43. Kf1 Bb8 44. g4 Kg7 45. h4 Re8 46. Nd2 Re6 47. Rb5 (47. Nc4 $17) 47... Bc7 $19 48. Rc5 Bb6 49. Rd5 Nd4 50. g5 (50. Kg2 $142) 50... Kf7 51. Rd7+ Ke8 52. Rb7 Kd8 53. Rh7 Bc7 {[%emt 0:00:01] Threatens to win with ...Bf4.} 54. Rf7 {[%emt 0:00:49] Against Bf4} (54. h5 {was necessary.} Bf4 55. hxg6 Rxg6 56. Rh4) 54... Rc6 55. Ne4 (55. Kg2 $142) 55... Nxb3 56. Nf6 Nc5 57. h5 gxh5 {[%emt 0:04:26] Hoping for ...b3.} 58. g6 {[%emt 0:00:27] [#] Black must now prevent g7.} Ne6 59. Rd7+ (59. Rf8+ $142 Nxf8 60. g7 Rxf6 61. g8=Q) 59... Kc8 60. Re7 b3 {[%emt 0:01:43] ( -> ...b2)} 61. Rxe6 b2 ({Inferior is} 61... Rxe6 62. g7 b2 63. g8=Q+ $11) 62. g7 b1=Q+ 63. Re1 Qd3+ {[%emt 0:00:06] What a fight!  Weighted Error Value: White=0.69/Black=0.25 (precise)} 0-1

[Event "26th Womens ECCC 2022"]
[Site "Mayrhofen"]
[Date "2022.10.09"]
[Round "7.12"]
[White "Efroimski, Marsel"]
[Black "Toma, Katarzyna"]
[Result "1-0"]
[ECO "B90"]
[WhiteElo "2462"]
[BlackElo "2249"]
[Annotator "TA"]
[PlyCount "83"]
[EventDate "2022.10.03"]
[EventType "team-tourn"]
[EventCountry "AUT"]
[SourceTitle "playchess.com"]
[Source "ChessBase"]
[SourceQuality "1"]
[TimeControl "40/5400+30:1800+30"]

1. e4 c5 2. Nf3 d6 3. d4 cxd4 4. Nxd4 Nf6 5. Nc3 a6 6. Qd3 {[%emt 0:00:03] B90: Sicilian Najdorf: Unusual White 6th moves, 6 Be3 Ng4 and 6 Be3 e5.} Nbd7 7. a4 Nc5 8. Qe3 {[%emt 0:00:05] The position is equal.} e5 {[%emt 0:02:58] [#]} 9. Nf3 $146 ({Predecessor:} 9. Nb3 Nxb3 10. cxb3 Be6 11. Bc4 Be7 12. O-O Rc8 13. Qe2 O-O 14. Rd1 Qc7 15. Bg5 Bxc4 16. bxc4 Qxc4 {½-½ (60) Carlsen,M (2862)-Vachier Lagrave,M (2784) chess24.com INT 2021}) 9... b6 10. Bc4 Be6 11. Be2 h6 12. b4 Ncd7 13. O-O Be7 14. Rd1 Qc7 15. Bb2 O-O 16. Rac1 Qb7 17. Ne1 Ng4 18. Qf3 a5 19. bxa5 Rxa5 20. Bb5 Nc5 21. Nd3 Rc8 22. Nxc5 dxc5 {[%emt 0:05:32] This move loses the game for Black.} (22... bxc5 $16 {was called for.} 23. Nd5 Bxd5 24. exd5 (24. Rxd5 Nf6 $11) 24... Nf6) 23. Nd5 $18 Bg5 24. Rb1 Nf6 25. h3 Bxd5 26. exd5 e4 27. Qf5 e3 (27... Rd8 {keeps fighting.} 28. Bc6 Qe7) 28. fxe3 Bxe3+ 29. Kh1 Bg5 (29... Bd4 30. Bxd4 cxd4 31. Rxd4 Rc5) 30. Bc6 {[%emt 0:02:39] This bishop pair is nice.} Qc7 31. Be5 Qd8 {[%emt 0:00:18] [#]} 32. Rxb6 $3 g6 {[%emt 0:08:05] [#]} 33. Qxc8 Qxc8 34. Rb8 Qxb8 35. Bxb8 Ne4 {[%emt 0:00:10] Threatens to win with ...Nf2+.} 36. Re1 f5 37. d6 Kf7 38. Bxe4 fxe4 39. Rxe4 Bd8 40. Bc7 Ra8 41. Rc4 Ke8 42. a5 {[%emt 0:00:18] Weighted Error Value: White=0.25 (precise) /Black=0.44} ({Don't play} 42. Rxc5 Rxa4 43. Re5+ Kd7 44. Bxd8 Kxd8 $18) 1-0

[Event "26th Womens ECCC 2022"]
[Site "Mayrhofen"]
[Date "2022.10.09"]
[Round "7.13"]
[White "Muzychuk, Mariya"]
[Black "Salimova, Nurgyul"]
[Result "1-0"]
[ECO "C54"]
[WhiteElo "2527"]
[BlackElo "2415"]
[Annotator "TA"]
[PlyCount "141"]
[EventDate "2022.10.03"]
[EventType "team-tourn"]
[EventCountry "AUT"]
[SourceTitle "playchess.com"]
[Source "ChessBase"]
[SourceQuality "1"]
[TimeControl "40/5400+30:1800+30"]

1. e4 e5 2. Nf3 Nc6 3. Bc4 Bc5 4. c3 Nf6 5. d3 d6 6. O-O h6 7. Re1 O-O {[%emt 0:03:14] C54: Giuoco Piano: 4 c3 Nf6, main lines with 5 d4 and 5 d3.} 8. Nbd2 Bb6 9. h3 Na5 {[%emt 0:08:26] The position is equal.} 10. Bb5 Bd7 11. Bxd7 Qxd7 {[%emt 0:03:21] [#]} 12. b4 $146 ({Predecessor:} 12. Nf1 Rfe8 13. Ne3 Bxe3 14. Bxe3 Nc6 15. Nh4 d5 16. Qf3 Qe6 17. Nf5 Ne7 18. Qg3 Nxf5 19. exf5 Qxf5 20. Bxh6 {1-0 (49) Nandin,E (1494)-Acs,K (1685) Hungary 2018}) 12... Nc6 13. Nc4 a5 (13... Rfe8 $11) 14. b5 $14 Ne7 15. Nxb6 cxb6 16. c4 Ng6 17. Nh2 Qe6 18. Ng4 Nd7 19. Ne3 Ne7 20. g4 g6 (20... Qf6 $14) 21. Nd5 $1 $16 Nxd5 22. exd5 Qf6 23. Bxh6 Rfc8 24. Bd2 Kg7 25. Kg2 Rh8 26. Be3 g5 27. Rh1 Qg6 28. Qe2 Rh4 29. f3 f5 30. Bf2 Rh6 31. gxf5 {[%emt 0:00:48] White is more active.} Qxf5 32. Qe4 Rf8 33. Qxf5 {[%emt 0:01:47] The board is on fire.} Rxf5 34. Be3 ({Better is} 34. h4) 34... Rhf6 35. Raf1 Nc5 36. d4 (36. h4 $1 $16 ) 36... Nd3 $14 37. h4 $36 {[%emt 0:00:14][%mdl 2048] White has good play.} Nf4+ $2 {[%emt 0:01:27] Black is on the road to losing.} (37... gxh4 $14 38. Rxh4 Rg6+ 39. Kh3 e4) 38. Bxf4 $18 Rxf4 39. dxe5 $1 ({Less strong is} 39. hxg5 R6f5 $16) 39... dxe5 40. hxg5 {[%emt 0:00:12][%mdl 4096] Endgame KRR-KRR} Rg6 41. Rd1 e4 $2 (41... Rxg5+ 42. Kf2 Rgf5) 42. Rh5 {[%emt 0:09:43] And now d6 would win.} exf3+ 43. Kf2 {[%emt 0:00:27] Hoping for d6.} Rd6 44. Rh6 Rxh6 (44... Rd8 $142 45. Rxb6 Rxc4 46. Rxb7+ Kg6) 45. gxh6+ Kxh6 {[%emt 0:00:06] KR-KR} 46. d6 {[%emt 0:02:02][%cal Bd5d6,Bd6d7][%mdl 32] Threatening mate with d7.} Rf8 47. d7 Rd8 48. Kxf3 {[%emt 0:00:16] Ke4 would kill now.} Kg5 {[%emt 0:02:26] [#]} 49. Ke4 $1 {[%emt 0:00:37] Intending Ke5 and mate.} Kf6 {[%emt 0:00:06] [#]} 50. Rd6+ $1 Ke7 51. Rxb6 Rxd7 52. c5 a4 53. a3 Rc7 54. Kd5 ({Stronger than} 54. c6 bxc6 55. bxc6 (55. Rxc6 Rxc6 56. bxc6 Kd6 $11) 55... Kd6 $11) 54... Kd8 55. Rh6 Rg7 56. Rh8+ Kd7 57. b6 Rg6 58. Rb8 Rg5+ 59. Kc4 Rg7 60. Rxb7+ Kc6 61. Rc7+ $1 Rxc7 62. bxc7 Kxc7 $16 {[%emt 0:00:03] KPP-KP. White mates.} 63. Kb5 Kb7 64. Kxa4 {[%emt 0:00:03] KP-KP} Kc6 65. Kb4 Kc7 66. Kb5 Kb7 67. c6+ Kc7 68. Kc5 Kc8 69. Kb6 Kb8 70. a4 Ka8 71. Kc7 {[%emt 0:00:04] Weighted Error Value: White=0.10 (very precise) /Black=0.35} 1-0

[Event "26th Womens ECCC 2022"]
[Site "Mayrhofen"]
[Date "2022.10.09"]
[Round "7.14"]
[White "Roebers, Eline"]
[Black "Unuk, Laura"]
[Result "1-0"]
[ECO "C78"]
[WhiteElo "2352"]
[BlackElo "2297"]
[Annotator "TA"]
[PlyCount "79"]
[EventDate "2022.10.03"]
[EventType "team-tourn"]
[EventCountry "AUT"]
[SourceTitle "playchess.com"]
[Source "ChessBase"]
[SourceQuality "1"]
[TimeControl "40/5400+30:1800+30"]

1. e4 {[%emt 0:00:02] Szabo,Kr} e5 2. Nf3 Nc6 3. Bb5 a6 4. Ba4 Nf6 5. O-O b5 6. Bb3 Bc5 7. c3 d6 8. a4 Rb8 9. d4 Bb6 10. a5 {[%emt 0:01:40] C78: Ruy Lopez: Archangelsk and Möller Defences.} Ba7 (10... Nxa5 11. Rxa5 Bxa5 12. dxe5) (10... Bxa5 $2 11. dxe5 (11. d5 Ne7 $18) 11... dxe5 12. Qxd8+ Kxd8 13. Bd5 (13. Bxf7 Bb6 $16) 13... Nxd5 14. exd5 $18) 11. h3 O-O 12. Be3 {[%emt 0:00:58] The position is equal.} Ra8 13. Nbd2 h6 14. Re1 exd4 15. cxd4 Nb4 16. e5 Nfd5 {[%emt 0:01:09] [#]} 17. exd6 $146 ({Predecessor:} 17. Ne4 Nxe3 18. Rxe3 Bb7 19. e6 Nd5 20. exf7+ Kh8 21. Re1 Rxf7 22. Rc1 Rc8 23. Nfg5 {1-0 (32) Caruana,F (2799)-Jones,G (2668) Douglas 2017 CBM 181 [Szabo,Kr]}) 17... cxd6 18. Ne4 Nxe3 19. Rxe3 Bb7 20. Qd2 Nd5 21. Ree1 Rc8 22. Ng3 Qf6 $2 {[%emt 0:20:38][%mdl 8192] [#] Prevents Nf5. Black is now going downhill.} (22... Rc7 $11) 23. Re4 $1 $18 {[%emt 0:01:11] And now Rg4 would win.} g5 (23... h5 $142 24. Nxh5 Qg6) 24. h4 Nf4 25. hxg5 hxg5 26. Nxg5 {[%emt 0:00:15] Chess con chili.} Ng6 $2 (26... Qxg5 27. Qxf4 Qxf4 28. Rxf4 Rce8 29. Rg4+ Kh8 30. Rh4+ Kg8) 27. Rg4 Rc7 28. N5e4 Bxe4 29. Nxe4 {[%emt 0:00:13] Intending Qh6 and mate.} Qf5 {[%emt 0:01:52] [#]} 30. Qh6 $1 {[%emt 0:01:06] Rxg6+ would kill now.} Rc4 31. Bxc4 bxc4 {[%emt 0:00:05] [#]} 32. Ng5 $1 Rb8 {[%emt 0:00:23] [#]} (32... Re8 33. Rg3) 33. Re1 $1 {[%emt 0:01:39] Threatening mate with Qh7+.} d5 (33... Bxd4 34. Rxd4) 34. Qh7+ Kf8 {[%emt 0:00:02] [#]} 35. Ne6+ $1 {[%emt 0:00:13][%mdl 512] White mates.} fxe6 36. Rxg6 Qf7 37. Qh6+ Ke8 38. Rgxe6+ Kd8 39. Qg5+ Kc8 40. Qxd5 {[%emt 0:00:06] Weighted Error Value: White=0.05 (flawless) /Black=0.47} 1-0

[Event "26th Womens ECCC 2022"]
[Site "Mayrhofen"]
[Date "2022.10.09"]
[Round "7.15"]
[White "Urh, Zala"]
[Black "Wagner, Dinara"]
[Result "1/2-1/2"]
[ECO "D38"]
[WhiteElo "2221"]
[BlackElo "2390"]
[Annotator "TA"]
[PlyCount "51"]
[EventDate "2022.10.03"]
[EventType "team-tourn"]
[EventCountry "AUT"]
[SourceTitle "playchess.com"]
[Source "ChessBase"]
[SourceQuality "1"]
[TimeControl "40/5400+30:1800+30"]

1. d4 Nf6 2. c4 e6 3. Nf3 d5 4. Nc3 Bb4 5. Bg5 h6 6. Bxf6 Qxf6 7. e3 O-O 8. Qb3 c5 9. cxd5 exd5 10. dxc5 Bxc3+ 11. Qxc3 Qxc3+ 12. bxc3 Be6 {[%emt 0:00:35] D38: Queen's Gambit Declined: Ragozin Defence (4 Nf3 Bb4).} 13. Bb5 Rc8 14. Nd4 Rxc5 {[%emt 0:01:25] The position is equal.} 15. Kd2 a6 16. Bd3 Nd7 17. Rhb1 Rc7 18. a4 Rac8 19. Ra3 Kf8 20. a5 {[%emt 0:03:51] [#]} Nc5 $146 ({Predecessor:} 20... Ke7 21. Rb4 g6 22. h4 h5 23. Be2 Nf6 24. Bf3 Ne8 25. c4 Nd6 26. cxd5 Bd7 {½-½ (34) Leko,P (2717)-Wang,H (2718) Ningbo 2011}) 21. Bc2 Ke7 22. f3 Bd7 23. Rb4 Be6 24. Rb1 Bd7 25. Rb4 Be6 26. Rb1 {[%emt 0:00:02] Weighted Error Value: White=0.08 (flawless) /Black=0.03 (flawless)} 1/2-1/2

[Event "26th Womens ECCC 2022"]
[Site "Mayrhofen"]
[Date "2022.10.09"]
[Round "7.16"]
[White "Heinemann, Josefine"]
[Black "Vidic, Teja"]
[Result "1/2-1/2"]
[ECO "C55"]
[WhiteElo "2318"]
[BlackElo "2126"]
[Annotator "TA"]
[PlyCount "95"]
[EventDate "2022.10.03"]
[EventType "team-tourn"]
[EventCountry "AUT"]
[SourceTitle "playchess.com"]
[Source "ChessBase"]
[SourceQuality "1"]
[TimeControl "40/5400+30:1800+30"]

1. e4 e5 2. Nf3 Nc6 3. Bc4 Nf6 4. d3 h6 5. O-O d6 6. a4 g5 {[%emt 0:00:31] C55: Two Knights: 4 d3, 4 d4 exd4 5 e5 and Max Lange Attack.} 7. Nc3 Bg7 8. a5 a6 9. Re1 O-O 10. Be3 {[%emt 0:04:21] [#]} Bg4 $146 ({Predecessor:} 10... Kh8 11. Nd5 Nh7 12. c3 f5 13. exf5 Bxf5 14. d4 Bg4 15. Be2 Be6 16. dxe5 g4 {0-1 (27) Piorun,K (2641)-Robson,R (2676) Chess.com INT 2022}) 11. h3 Bh5 12. Nd5 (12. g4 $5 Bg6 13. Bb3 $11) 12... Nxd5 13. Bxd5 Qf6 (13... Re8 $11 {keeps the balance.}) 14. g4 $16 Bg6 15. h4 $36 {[%emt 0:00:42][%cal Rh4g5][%mdl 2048] Black is under strong pressure.} gxh4 {[%emt 0:03:00] [#]} ({Black should play} 15... Nd4 16. Nxd4 (16. Bxd4 exd4 17. h5 Bh7 $11) 16... exd4 17. hxg5 hxg5) 16. g5 $1 {[%emt 0:00:14] White is more active.} Qd8 (16... hxg5 $2 17. Bxg5 Bh5 18. Bxf6 $18) 17. Nxh4 Kh7 18. Kg2 Ne7 19. Nxg6 Nxg6 (19... fxg6 $142 20. Bxb7 Rb8) 20. Bxb7 Rb8 21. Bxa6 f5 (21... Nf4+ $16 {was worth a try.} 22. Bxf4 exf4) 22. Qh5 $18 f4 23. Bc1 d5 (23... c6 $142 24. Rh1 d5 25. gxh6 Bf6) 24. exd5 {[%emt 0:03:26] Black must now prevent gxh6.} Qxd5+ 25. Kf1 Rf5 26. Bc4 Qc6 27. a6 Rxg5 28. Qh3 {[%emt 0:00:10] Inhibits Qg2+.} Ne7 $2 (28... Ra8 29. Bd2 Ra7) 29. Bxf4 exf4 30. Rxe7 {[%emt 0:00:56] [#] Threatens to win with a7.} Qg6 31. Ra2 (31. a7 $142 Ra8 32. Qh1) 31... Re8 32. Rxe8 (32. Re6 $142 Rxe6 33. Bxe6 (33. Qxe6 Rg1+ 34. Ke2 Qh5+)) 32... Rg1+ 33. Ke2 {[%emt 0:00:05] White wants to mate with Bg8+.} Qxe8+ 34. Kf3 (34. Qe6 $2 Qh5+) 34... Qc6+ $1 35. Ke2 Qe8+ 36. Kf3 $2 (36. Qe6 $2 {leads to mate.} Qh5+) ({Only move:} 36. Be6 $16 Rg6 37. Kd2 (37. Qf5 Kh8 $17) 37... Rxe6 38. Qf3 (38. Qf5+ Kh8 $17)) 36... Qc6+ $1 $11 {[%emt 0:00:05] The position is equal.} 37. Kxf4 {[%emt 0:10:27] Strongly threatening Qf5+.} Qd6+ 38. Kf3 Qf6+ 39. Ke2 {[%emt 0:00:18] And now Bd5 would win.} Qe5+ 40. Qe3 {[%emt 0:03:23] Intending Qxe5 and mate.} Qh5+ 41. Qf3 $1 ({Wrong is} 41. f3 $2 Rg2+ 42. Kd1 Qh1+ 43. Qe1 Rg1 44. Qxg1 Qxg1+ 45. Ke2 Qg2+ 46. Ke1 Qg3+ 47. Kd2 Qf2+ 48. Kd1 Qg1+ 49. Ke2 Qg2+ 50. Ke3 Qg3 $19) 41... Re1+ $1 42. Kxe1 Qxf3 43. a7 Bd4 $1 44. a8=Q Qxf2+ 45. Kd1 Qf1+ 46. Kd2 Qf2+ 47. Kd1 Qf1+ 48. Kd2 {[%emt 0:00:03] White really could win this.  Weighted Error Value: White=0.41/Black=0.21 (precise)} 1/2-1/2

[Event "26th Womens ECCC 2022"]
[Site "Mayrhofen"]
[Date "2022.10.09"]
[Round "7.17"]
[White "Mammadzada, Gunay"]
[Black "Eric, Jovana"]
[Result "1-0"]
[ECO "B90"]
[WhiteElo "2483"]
[BlackElo "2252"]
[Annotator "TA"]
[PlyCount "67"]
[EventDate "2022.10.03"]
[EventType "team-tourn"]
[EventCountry "AUT"]
[SourceTitle "playchess.com"]
[Source "ChessBase"]
[SourceQuality "1"]
[TimeControl "40/5400+30:1800+30"]

1. e4 c5 2. Nf3 d6 3. d4 cxd4 4. Nxd4 Nf6 5. Nc3 a6 6. Bd3 g6 7. b3 {[%emt 0:07:20] B90: Sicilian Najdorf: Unusual White 6th moves, 6 Be3 Ng4 and 6 Be3 e5.} Bg7 8. Bb2 O-O {[%emt 0:00:23] [#]} 9. Qd2 $146 {[%emt 0:07:38] The position is equal.} ({Predecessor:} 9. f3 Nc6 10. Nde2 Bd7 11. Qd2 Rc8 12. O-O-O b5 13. Kb1 {0-1 (13) Florez Herrera,O (1600)-Sierra,H (1487) Bogota 2019}) 9... Nbd7 10. Nd5 (10. O-O $11) 10... Ne5 (10... e5 $15 11. Nxf6+ Nxf6) 11. O-O $11 Nxd3 12. Qxd3 Nxd5 13. exd5 Bd7 14. Rfe1 Bf6 15. Re3 (15. Rac1 $11) 15... Rc8 $15 16. a4 Qc7 (16... b5 $5) 17. a5 Qc5 18. c4 Rfe8 (18... e5 $11 19. dxe6 fxe6) 19. Bc3 $14 Kg7 (19... e5 $14 20. dxe6 fxe6) 20. Rae1 $1 $16 {[%emt 0:01:20][%cal Oe3e7,Ba1e1,Be1e3,Be3f3,Bf3f6][%mdl 32] Strongly threatening Rxe7!} Kg8 21. Re4 b5 22. axb6 $1 Qxb6 23. h4 $1 h5 (23... Be5 $142 24. h5 Bf6) 24. R1e3 $1 $18 Kh7 $2 {[%emt 0:02:06] [#] Loses the game.} (24... Qc5 $16 25. Ne6 Bxe6 26. dxe6 Bxc3 27. exf7+ (27. Qxc3 f5 $11) 27... Kxf7) 25. Rf4 $1 Rf8 26. Ref3 Bg4 $2 (26... Qd8 27. Rg3 Qe8) 27. Rxf6 exf6 28. Rxf6 {[%emt 0:00:03][%cal Od4e6] Black must now prevent Ne6!} Rce8 {[%emt 0:04:45] Prevents Ne6.} 29. f3 Bd7 30. f4 Re7 (30... Kg7 $2 {[#]} 31. Kh1 $1 Kh7 32. Nf3) 31. Kh2 Rg8 32. Nf3 Rf8 33. Ng5+ Kg8 {[%emt 0:00:44] [#]} 34. Rxg6+ $1 {[%emt 0:00:16][%mdl 576] Demolition.  Weighted Error Value: White=0.09 (flawless) /Black=0.59} 1-0

[Event "26th Womens ECCC 2022"]
[Site "Mayrhofen"]
[Date "2022.10.09"]
[Round "7.18"]
[White "Blagojevic, Tijana"]
[Black "Fataliyeva, Ulviyya"]
[Result "1/2-1/2"]
[ECO "B10"]
[WhiteElo "2266"]
[BlackElo "2422"]
[Annotator "TA"]
[PlyCount "91"]
[EventDate "2022.10.03"]
[EventType "team-tourn"]
[EventCountry "AUT"]
[SourceTitle "playchess.com"]
[Source "ChessBase"]
[SourceQuality "1"]
[TimeControl "40/5400+30:1800+30"]

1. e4 c6 2. Nf3 d5 3. d3 g6 4. e5 Bg7 5. d4 c5 6. c3 (6. dxc5 $5 Nc6 7. Bb5 $14 (7. Nc3 Bg4 $14)) 6... Nc6 {[%emt 0:01:30] B06: Modern Defence.} 7. Bb5 Qb6 8. Bxc6+ bxc6 {[%emt 0:02:11] White is slightly better.} 9. O-O Nh6 10. Nbd2 cxd4 11. cxd4 O-O 12. Nb3 {[%emt 0:00:34] [#]} Bg4 $146 ({Predecessor:} 12... f6 13. exf6 exf6 14. Bf4 a5 15. Qd2 Nf5 16. h3 g5 17. Bh2 h5 18. Qc3 g4 19. hxg4 hxg4 {1-0 (48) Paichadze,L (2566)-Petriashvili,N (2418) Tbilisi 2022}) 13. h3 Bxf3 14. Qxf3 f6 15. exf6 Rxf6 16. Qd3 Nf5 17. Bd2 Rf7 18. Bc3 a5 19. Rac1 Nd6 20. Nc5 Nb5 (20... e5 $11) 21. a4 Nc7 (21... Nxc3 $14 22. Qxc3 Re8) 22. Rc2 ({White should play} 22. f4 $16) 22... e5 $1 $11 23. dxe5 {[%emt 0:06:21] [#] Strongly threatening e6.} Qxc5 24. e6 $1 Nxe6 25. Bxg7 Qb4 26. Be5 Rf5 27. f4 Qxa4 28. Rfc1 (28. g3 $11) 28... Nxf4 $17 29. Bxf4 Qxf4 30. Rxc6 Qf2+ 31. Kh1 Qxb2 (31... Re8 $17 {aiming for ...Re3.} 32. R6c2 Re1+ 33. Rxe1 Qxe1+ 34. Kh2 a4) 32. g4 (32. Rc8+ $11 {keeps the balance.} Rxc8 33. Rxc8+ Rf8 34. Qxd5+ Kg7 35. Rc7+ Kh6 36. Kh2) 32... Rf7 {[%emt 0:08:29] Hoping for ...Rd8.} 33. Qxd5 {[%emt 0:00:14] [#] And now Rc7 would win.} Kg7 (33... Raf8 $17 34. Rc7 Qe2) 34. Rc7 $11 {[%emt 0:04:48] The position is equal.} Raf8 35. Qxa5 Kh6 {[%emt 0:01:34] ( -> ...Rf1+)} 36. Qe1 {[%emt 0:03:34] Prevents Rf1+.} Qd4 37. Rd1 Rf1+ 38. Qxf1 Rxf1+ 39. Rxf1 {[%emt 0:00:03][%mdl 4096] Endgame KQ-KRR} Qe4+ 40. Kg1 Qe3+ 41. Kg2 Qe4+ 42. Rf3 Qe2+ 43. Rf2 Qe4+ 44. Rf3 Qe2+ 45. Rf2 Qe4+ 46. Rf3 {[%emt 0:00:04] Weighted Error Value: White=0.14 (very precise) /Black=0.12 (very precise)} 1/2-1/2